Map: Frost LE

Players

YogorōMōri (YoGo) - Winner!

  • Race: Zerg Zerg
  • League: Grandmaster

ThisGameSuck

  • Race: Protoss Protoss
  • League: Grandmaster

VOD

Have the link to the VOD?

Description

Time

  • Played on: June 30, 2016, 10:05 a.m.
  • Length: 11:43
Show
View Real Time Build Order
Export as new Build Order

YogorōMōri Zerg - Winner!

Build Orders: Hatch First, Lurkers 

Get SALT Encoding   

  12  0:00  Drone  
  13  0:13  Overlord  
  13  0:21  Overlord  
  13  0:27  Drone  
  14  0:39  Drone x2  
  16  0:46  Drone  
  17  1:02  Hatchery  
  16  1:05  Drone  
  16  1:06  Extractor  
  16  1:10  Drone  
  17  1:23  Spawning Pool  
  16  1:26  Drone  
  16  1:30  Drone  
  18  1:39  Drone  
  19  2:02  Drone x2  
  21  2:11  Metabolic Boost, Queen  
  21  2:14  Queen  
  21  2:15  Drone x2  
  27  2:23  Zergling x2  
  27  2:26  Zergling x2  
  29  2:34  Zergling x2  
  29  2:36  Zergling x2  
  31  2:43  Drone  
  32  2:46  Drone  
  32  2:47  Queen  
  35  2:56  Overlord  
  35  3:05  Overlord  
  35  3:06  Drone  
  36  3:15  Drone  
  36  3:17  Drone  
  38  3:21  Drone x3  
  38  3:22  Drone x3  
  38  3:25  Lair  
  43  3:30  Drone x2  
  46  3:34  Extractor, Drone  
  45  3:42  Drone x2  
  45  3:47  Spore Crawler  
  46  3:52  Drone, Evolution Chamber  
  46  3:53  Roach Warren, Evolution Chamber  
  44  4:00  Drone x4  
  48  4:05  Overlord, Drone  
  48  4:07  Drone  
  48  4:09  Drone  
  51  4:18  Zerg Missile Weapons Level 1, Extractor  
  51  4:19  Extractor, Drone  
  51  4:22  Overseer  
  50  4:34  Zerg Melee Weapons Level 1  
  50  4:35  Drone x2  
  50  4:36  Drone  
  50  4:37  Drone  
  54  4:40  Roach x2  
  54  4:45  Overlord x2  
  58  4:51  Evolution Chamber  
  57  4:56  Hatchery  
  57  4:59  Overlord  
  56  5:00  Overlord  
  56  5:07  Roach  
  56  5:08  Roach x2  
  62  5:15  Overlord  
  62  5:16  Overlord  
  62  5:18  Roach  
  64  5:26  Roach  
  66  5:34  Drone x2  
  68  5:37  Hydralisk Den  
  67  5:45  Overlord x4  
  67  5:48  Roach x2  
  67  5:49  Roach  
  73  5:56  Overlord x2  
  73  6:05  Lurker Den  
  73  6:08  Glial Reconstitution  
  74  6:11  Drone x4  
  74  6:16  Zerg Missile Weapons Level 2  
  77  6:25  Drone  
  75  6:26  Spore Crawler  
  75  6:27  Drone x2  
  75  6:28  Drone x2  
  78  6:35  Hydralisk  
  78  6:36  Hydralisk  
  82  6:41  Hydralisk  
  82  6:44  Hydralisk  
  83  6:50  Drone x2  
  83  6:51  Drone x2  
  83  6:53  Overseer  
  87  6:58  Hydralisk x2  
  90  7:02  Drone x2  
  92  7:10  Drone  
  92  7:12  Spore Crawler  
  92  7:16  Hydralisk  
  92  7:17  Hydralisk x3  
  92  7:20  Ravager x4  
  92  7:21  Ravager  
  105  7:26  Zergling x6  
  105  7:27  Zergling x2  
  108  7:40  Lurker x4  
  108  7:41  Zergling x14  
  113  7:48  Drone x4  
  113  7:49  Drone  
  118  7:55  Overseer  
  118  7:56  Hydralisk x2  
  122  8:07  Muscular Augments  
  122  8:19  Hydralisk x2  
  119  8:22  Zergling x18  
  120  8:31  Zergling x10  
  116  8:40  Hydralisk x4  
  123  8:58  Zergling x8  
  123  8:59  Zergling x8  
  123  9:14  Hydralisk x5  
  133  9:23  Hydralisk x3  
  133  9:24  Hydralisk  
  139  9:33  Hydralisk x3  
  111  9:58  Hydralisk x4  
  111  9:59  Hydralisk x2  
  123  10:03  Drone x6  
  129  10:16  Hydralisk x4  
  120  10:26  Zergling x2  
  120  10:27  Zergling x10  
  118  10:28  Lurker  
  118  10:36  Lurker  
  118  10:42  Zergling x16  
  127  10:43  Zergling x2  
  128  11:08  Zergling x2  
  128  11:09  Zergling x30  
  143  11:16  Hydralisk  
Show
View Real Time Build Order
Export as new Build Order

ThisGameSuck Protoss 

Build Orders: 1 Gate Expand 

Get SALT Encoding   

  12  0:01  Probe (Chrono Boost)  
  13  0:11  Probe (Chrono Boost)  
  14  0:18  Pylon  
  14  0:22  Probe (Chrono Boost)  
  15  0:36  Probe (Chrono Boost)  
  15  0:38  Gateway  
  16  0:46  Probe (Chrono Boost)  
  16  0:47  Assimilator  
  18  0:57  Probe (Chrono Boost)  
  18  1:07  Probe (Chrono Boost)  
  19  1:20  Nexus  
  19  1:30  Cybernetics Core  
  19  1:34  Probe (Chrono Boost)  
  20  1:40  Assimilator  
  20  1:44  Probe (Chrono Boost)  
  21  1:50  Pylon  
  21  1:55  Probe (Chrono Boost)  
  22  2:05  Probe (Chrono Boost)  
  23  2:08  Adept (Chrono Boost)  
  23  2:09  Warp Gate  
  25  2:17  Probe  
  26  2:29  Probe (Chrono Boost)  
  27  2:32  Adept (Chrono Boost), Twilight Council  
  27  2:34  Probe (Chrono Boost)  
  30  2:40  Probe (Chrono Boost)  
  31  2:46  Mothership Core (Chrono Boost)  
  34  2:51  Probe (Chrono Boost)  
  34  3:01  Probe (Chrono Boost)  
  34  3:04  Probe (Chrono Boost)  
  36  3:07  Adept  
  36  3:09  Resonating Glaives (Chrono Boost)  
  36  3:12  Probe  
  39  3:15  Probe  
  40  3:20  Gateway  
  40  3:25  Probe  
  40  3:26  Gateway  
  41  3:30  Probe  
  40  3:37  Probe  
  40  3:41  Probe  
  41  3:42  Robotics Facility  
  42  3:49  Assimilator  
  42  3:50  Probe  
  42  3:52  Pylon, Probe  
  44  3:56  Pylon  
  44  4:02  Probe  
  45  4:03  Probe  
  46  4:13  Probe  
  46  4:14  Probe  
  48  4:19  Adept x2  
  48  4:21  Adept  
  54  4:25  Probe  
  54  4:26  Probe  
  54  4:27  Blink (Chrono Boost)  
  54  4:29  Warp Prism (Chrono Boost)  
  59  4:47  Stalker  
  59  4:49  Pylon  
  59  4:50  Stalker  
  62  4:56  Pylon  
  62  5:07  Probe x2  
  62  5:10  Immortal (Chrono Boost)  
  62  5:12  Pylon  
  68  5:19  Probe x2  
  68  5:20  Stalker x2  
  68  5:21  Stalker  
  76  5:30  Nexus  
  76  5:34  Pylon  
  76  5:38  Probe  
  76  5:40  Probe  
  76  5:42  Assimilator  
  78  5:44  Pylon  
  78  5:47  Pylon  
  78  5:52  Probe  
  79  5:58  Immortal (Chrono Boost)  
  83  6:06  Probe  
  83  6:08  Stalker x3  
  83  6:10  Probe  
  91  6:17  Robotics Bay  
  91  6:32  Observer (Chrono Boost), Probe x2  
  94  6:37  Robotics Facility  
  94  6:38  Forge x2  
  94  6:51  Probe  
  94  6:52  Probe x2  
  94  6:53  Adept  
  99  7:01  Probe  
  99  7:04  Probe x2, Protoss Ground Armor Level 1 (Chrono Boost)  
  99  7:06  Disruptor (Chrono Boost)  
  102  7:11  Protoss Ground Weapons Level 1 (Chrono Boost)  
  102  7:14  Probe  
  106  7:16  Assimilator, Probe  
  106  7:17  Probe  
  106  7:19  Photon Cannon  
  106  7:21  Assimilator  
  108  7:25  Adept x3  
  108  7:26  Probe  
  108  7:28  Probe  
  116  7:50  Pylon  
  116  7:51  Pylon, Disruptor x2 (Chrono Boost)  
  117  7:58  Gateway  
  117  8:00  Gateway  
  117  8:02  Gateway  
  117  8:04  Gateway x2  
  117  8:08  Probe  
  118  8:13  Sentry x3  
  118  8:24  Observer (Chrono Boost)  
  112  8:28  Disruptor (Chrono Boost)  
  105  8:37  Stalker x3  
  110  8:52  Nexus  
  110  9:06  Pylon  
  110  9:09  Pylon  
  110  9:11  Pylon  
  110  9:19  Observer (Chrono Boost)  
  110  9:24  Stalker x3  
  106  9:25  Disruptor (Chrono Boost)  
  106  9:26  Stalker x2  
  106  9:27  Nexus, Protoss Ground Armor Level 2  
  106  9:29  Pylon  
  106  9:30  Pylon  
  114  9:41  Pylon  
  112  9:55  Zealot x5  
  112  9:56  Zealot x3  
  117  10:02  Observer (Chrono Boost)  
  117  10:03  Photon Cannon  
  117  10:05  Disruptor (Chrono Boost)  
  116  10:26  Disruptor (Chrono Boost)  
  116  10:27  Stalker x4  
  111  10:30  Zealot x2  
  115  10:39  Probe x2  
  117  10:45  Stalker x2  
  113  11:02  Adept  
  113  11:03  Adept  
  113  11:04  Adept  
  116  11:11  Probe  
  117  11:21  Probe  
  118  11:27  Sentry x4  
Tags
 
Add a new tag
Caveats
  • Supply blocks, unpowered buildings, or Contaminate may cause inaccurate times.
  • Supply counts are checked every 10 seconds.